Map: Abyssal Reef LE

Players

Optimus - Winner!

  • Race: Terran Terran
  • League: Grandmaster
  • Spawn Location: 5:00

Socke

  • Race: Protoss Protoss
  • League: Master
  • Spawn Location: 11:00

Event: HomeStory Cup XVI

VOD

Have the link to the VOD?

Description

Time

  • Played on: Nov. 10, 2017, 9:12 a.m.
  • Length: 12:53

All games in this series

Show
View Real Time Build Order
Export as new Build Order

Optimus Terran - Winner!

Build Orders: Cyclone Opening 

Get SALT Encoding   

  12  0:00  SCV  
  13  0:12  SCV  
  14  0:18  Supply Depot  
  14  0:24  SCV  
  15  0:39  SCV  
  15  0:41  Barracks  
  16  0:44  Refinery  
  16  0:51  SCV  
  17  1:03  SCV  
  18  1:16  SCV  
  19  1:27  Marine  
  19  1:28  Orbital Command  
  20  1:45  Command Center  
  20  1:50  Barracks Reactor  
  21  2:04  Factory  
  20  2:12  Supply Depot  
  20  2:13  Engineering Bay  
  20  2:18  SCV  
  21  2:26  Marine x2  
  23  2:33  SCV  
  24  2:40  Missile Turret  
  24  2:45  Marine x2  
  24  2:49  Cyclone  
  29  2:56  Refinery  
  28  3:01  SCV  
  28  3:04  Marine x2  
  31  3:17  Starport  
  31  3:21  SCV  
  31  3:22  Marine x2  
  31  3:24  Factory Tech Lab  
  34  3:32  Bunker  
  34  3:40  Marine x2  
  36  3:44  SCV  
  37  3:49  Siege Tank  
  40  3:57  SCV  
  40  4:02  Viking  
  43  4:11  Orbital Command  
  43  4:13  SCV  
  44  4:18  Marine x2  
  46  4:28  Supply Depot  
  46  4:40  SCV  
  46  4:43  Liberator  
  46  4:46  Marine x2  
  46  4:47  SCV  
  46  4:50  Siege Tank  
  46  4:52  SCV, Bunker  
  49  4:55  Supply Depot  
  49  5:02  SCV  
  49  5:04  SCV  
  54  5:13  Supply Depot  
  54  5:16  Marine x2  
  54  5:17  SCV x2  
  58  5:25  Siege Tank  
  57  5:30  Engineering Bay  
  57  5:31  SCV x2  
  59  5:36  Marine x2  
  61  5:43  Supply Depot, SCV  
  61  5:44  SCV  
  61  5:46  Medivac  
  65  5:56  SCV x2  
  67  6:00  Supply Depot, Siege Tank  
  70  6:05  Marine x2  
  70  6:08  SCV  
  70  6:10  Missile Turret  
  74  6:17  Barracks, Starport Reactor  
  73  6:19  Barracks, SCV  
  73  6:20  SCV  
  75  6:26  Terran Infantry Weapons Level 1  
  75  6:31  Marine x2  
  77  6:33  SCV x2  
  77  6:37  Refinery  
  77  6:39  Supply Depot  
  79  6:46  SCV  
  77  6:47  SCV  
  77  6:49  Command Center  
  78  6:59  Refinery, SCV x2, Marine x2  
  82  7:01  Starport Reactor  
  82  7:09  Factory Tech Lab  
  82  7:11  Marine x2  
  82  7:12  SCV x2  
  82  7:13  Supply Depot  
  82  7:14  Stimpack, Marine  
  87  7:16  Marine  
  87  7:21  Marine  
  89  7:24  SCV  
  89  7:28  Marine x2  
  93  7:33  Supply Depot  
  93  7:34  Siege Tank  
  95  7:39  SCV x2  
  95  7:41  Barracks x2  
  97  7:50  Marine x4  
  101  7:51  Medivac x2  
  101  7:52  SCV  
  101  7:53  SCV  
  107  8:05  Orbital Command  
  107  8:06  Siege Tank  
  107  8:11  Marine x2  
  107  8:12  Marine x2  
  114  8:20  Terran Infantry Armor Level 1  
  114  8:21  Marauder  
  114  8:23  Supply Depot  
  114  8:24  Orbital Command  
  116  8:29  Barracks Tech Lab  
  116  8:30  Barracks Tech Lab  
  116  8:32  SCV x2  
  118  8:35  Factory  
  117  8:41  Siege Tank  
  117  8:42  Marauder  
  117  8:44  SCV  
  117  8:47  SCV  
  124  8:50  SCV  
  124  8:52  Barracks Tech Lab  
  124  8:53  Refinery, Combat Shields  
  125  8:56  SCV, Marine x3  
  125  8:57  Marine  
  125  8:59  Medivac x2, SCV  
  125  9:02  Supply Depot, SCV  
  136  9:04  Marauder  
  136  9:09  Supply Depot  
  138  9:11  Supply Depot, Concussive Shells  
  138  9:13  Marauder  
  138  9:15  SCV  
  141  9:20  SCV, Factory Tech Lab  
  141  9:23  SCV, Siege Tank  
  145  9:27  SCV  
  146  9:31  Medivac  
  146  9:32  Medivac  
  146  9:36  Command Center  
  150  9:40  Supply Depot  
  150  9:43  Marauder x3  
  150  9:44  Marine x3  
  159  9:48  Supply Depot  
  159  9:51  Marine  
  159  9:52  Siege Tank  
  162  9:58  Siege Tank  
  165  10:02  Barracks, Marine  
  165  10:03  Refinery, Barracks  
  166  10:09  Marauder x2  
  166  10:10  Marauder, Supply Depot  
  166  10:12  Liberator  
  166  10:13  Liberator  
  171  10:14  Marine x3  
  167  10:28  Marine  
  167  10:31  Marauder x3  
  167  10:32  Marine x2  
  179  10:40  Armory  
  179  10:41  Engineering Bay  
  179  10:43  Marine  
  179  10:44  SCV  
  179  10:45  SCV  
  179  10:46  Marine  
  178  10:50  Marine  
  178  10:51  Barracks Tech Lab x2  
  178  10:56  Marauder x2  
  176  10:57  Siege Tank  
  176  11:02  Marine x2  
  176  11:03  Marine  
  182  11:05  SCV x3  
  184  11:11  Marine  
  184  11:12  Marauder x2  
  179  11:20  Marauder x2, Marine x2  
  179  11:22  SCV x2  
  179  11:24  Marine x2  
  189  11:29  Liberator x2  
  187  11:33  Marauder x2, Marine  
  187  11:37  Marine  
  187  11:38  Marine  
  200  11:54  Planetary Fortress  
  200  12:01  Marauder x2, Marine x2  
  181  12:05  Marine x2  
  168  12:10  Marauder x2, Marine  
  168  12:13  SCV x2  
  159  12:19  Marine x2  
  165  12:22  Marauder  
  165  12:23  Marauder, Marine  
  165  12:28  Marauder  
  171  12:30  SCV  
  171  12:35  SCV x2  
Show
View Real Time Build Order
Export as new Build Order

Socke Protoss 

Build Orders: Blink Stalkers 

Get SALT Encoding   

  12  0:02  Probe (Chrono Boost)  
  14  0:14  Probe (Chrono Boost)  
  14  0:18  Pylon  
  14  0:25  Probe (Chrono Boost)  
  15  0:31  Probe (Chrono Boost)  
  15  0:37  Gateway  
  15  0:41  Probe (Chrono Boost)  
  17  0:46  Assimilator  
  17  0:53  Probe (Chrono Boost)  
  17  0:54  Assimilator  
  19  1:05  Probe (Chrono Boost)  
  19  1:17  Probe (Chrono Boost)  
  20  1:25  Cybernetics Core  
  20  1:29  Probe (Chrono Boost)  
  20  1:30  Pylon  
  22  1:41  Probe (Chrono Boost)  
  22  1:51  Adept  
  22  1:53  Probe (Chrono Boost)  
  23  2:02  Twilight Council  
  23  2:05  Probe (Chrono Boost)  
  26  2:09  Warp Gate  
  26  2:18  Stalker  
  26  2:21  Blink  
  28  2:34  Nexus  
  28  2:50  Pylon  
  28  3:10  Gateway  
  28  3:13  Gateway  
  28  3:16  Probe (Chrono Boost)  
  29  3:24  Stalker  
  32  3:28  Probe (Chrono Boost)  
  32  3:41  Probe (Chrono Boost)  
  33  3:46  Pylon  
  33  3:59  Probe x2 (Chrono Boost)  
  36  4:11  Probe (Chrono Boost)  
  36  4:12  Stalker x2  
  36  4:13  Stalker  
  43  4:18  Probe (Chrono Boost)  
  44  4:24  Probe (Chrono Boost)  
  44  4:30  Probe (Chrono Boost)  
  45  4:35  Stalker  
  45  4:36  Stalker x2  
  51  4:41  Probe (Chrono Boost)  
  51  4:44  Probe (Chrono Boost)  
  53  4:52  Probe (Chrono Boost)  
  52  4:53  Probe (Chrono Boost)  
  52  4:59  Robotics Facility  
  53  5:00  Probe (Chrono Boost)  
  53  5:01  Pylon  
  55  5:07  Adept, Probe (Chrono Boost)  
  55  5:08  Adept x2  
  61  5:16  Probe (Chrono Boost), Pylon  
  60  5:28  Probe (Chrono Boost)  
  60  5:30  Forge, Probe (Chrono Boost)  
  60  5:31  Assimilator  
  60  5:35  Assimilator  
  60  5:36  Sentry  
  60  5:37  Sentry  
  60  5:40  Shield Battery  
  60  5:42  Shield Battery  
  64  5:45  Observer, Probe (Chrono Boost)  
  64  5:47  Probe (Chrono Boost)  
  66  5:51  Robotics Bay  
  68  5:57  Probe (Chrono Boost)  
  68  6:01  Immortal, Probe (Chrono Boost)  
  68  6:02  Protoss Ground Weapons Level 1  
  69  6:09  Probe (Chrono Boost)  
  71  6:18  Pylon  
  75  6:22  Gateway  
  75  6:24  Gateway  
  71  6:27  Stalker  
  71  6:30  Colossus  
  72  6:33  Observer  
  72  6:34  Stalker  
  72  6:37  Probe (Chrono Boost)  
  75  6:52  Probe x2 (Chrono Boost)  
  82  7:04  Extended Thermal Lance  
  82  7:09  Pylon  
  82  7:12  Charge  
  82  7:14  Zealot x2  
  86  7:16  Colossus  
  91  7:41  Pylon  
  92  7:44  Stalker, Probe (Chrono Boost)  
  92  7:48  Protoss Ground Armor Level 1  
  94  7:58  Pylon  
  94  8:01  Probe (Chrono Boost)  
  94  8:03  Nexus  
  96  8:05  Pylon  
  96  8:07  Probe (Chrono Boost), Pylon  
  101  8:13  Probe (Chrono Boost)  
  101  8:19  Probe (Chrono Boost)  
  102  8:23  Colossus  
  102  8:25  Probe (Chrono Boost)  
  105  8:31  Probe (Chrono Boost)  
  106  8:37  Probe (Chrono Boost)  
  107  8:43  Probe (Chrono Boost)  
  107  8:44  Stalker x3, Zealot x2  
  107  8:45  Pylon  
  119  8:50  Probe (Chrono Boost)  
  119  8:53  Forge  
  120  8:56  Probe (Chrono Boost)  
  121  9:02  Probe (Chrono Boost)  
  121  9:06  Protoss Ground Weapons Level 2  
  121  9:08  Probe (Chrono Boost)  
  122  9:12  Stalker  
  122  9:15  Probe (Chrono Boost)  
  125  9:17  Shield Battery  
  125  9:18  Shield Battery  
  125  9:21  Photon Cannon  
  124  9:25  Probe (Chrono Boost)  
  124  9:30  Immortal  
  128  9:35  Stalker  
  130  9:38  Stalker  
  130  9:39  Stalker  
  135  9:46  Probe (Chrono Boost)  
  135  9:48  Templar Archives  
  135  9:50  Assimilator  
  135  9:53  Zealot x2  
  135  9:58  Assimilator  
  137  10:17  Immortal  
  137  10:18  Protoss Ground Armor Level 2  
  141  10:41  Pylon  
  139  10:44  Gateway, Pylon  
  139  10:47  Gateway, Pylon  
  139  10:48  Gateway  
  139  10:49  Pylon  
  137  10:50  Gateway  
  137  10:53  Pylon  
  135  10:59  Zealot x2  
  135  11:02  Colossus  
  145  11:04  Zealot x3  
  145  11:10  Probe (Chrono Boost)  
  140  11:24  Zealot x2  
  134  11:37  Zealot x3  
  140  11:43  Zealot x3  
  142  11:51  Zealot x3  
  145  11:56  Immortal  
  107  12:09  Zealot x4  
  91  12:16  Zealot x2  
  95  12:27  Stalker x2  
  95  12:28  Stalker  
  99  12:30  Stalker  
  99  12:31  Stalker x2  
Tags
 
Add a new tag
Caveats
  • Supply blocks, unpowered buildings, or Contaminate may cause inaccurate times.
  • Supply counts are checked every 10 seconds.